 Dungeon Crawl Stone Soup version 0.30.1-11-g7821555f0a (webtiles) character file.

Game seed: 668152747359027186

54757 wingedge the Basher (level 14, -7/116 HPs)
             Began as a Demigod Earth Elementalist on Jan 5, 2024.
             Mangled by an ettin
             ... wielding a +0 dire flail
              (25 damage)
             ... on level 1 of the Orcish Mines.
             The game lasted 01:08:04 (24937 turns).

wingedge the Basher (Demigod Earth Elementalist)   Turns: 24937, Time: 01:08:04

Health: -7/116     AC: 18    Str: 24    XL:     14   Next: 3%
Magic:  27/40      EV: 10    Int: 43    God:
Gold:   1103       SH: 11    Dex:  5    Spells: 12/31 levels left

rFire   + + .        a - +9 flail of Mutilation {drain, rPois Str+7 Dex-3 SInv}
rCold   + + +        d - +2 kite shield {rC+}
rNeg    . . .        K - +3 swamp dragon scales
rPois   +            u - +2 helmet {Int+3}
rElec   .            h - scarf {rC+ rF+}
rCorr   .            J - +0 pair of gloves
SInv    +            D - +0 pair of boots of Day {Rampage MP+9 Str-3}
Will    +....        M - amulet of the acrobat
Stlth   +++          V - ring "Lecal" {+Blink rF+ Str+5 Int+3 Dex-2}
HPRegen 0.39/turn    y - ring of Eternal Harmony {rC+ Str+6 Int+4 Dex-4 Stlth+}
MPRegen 0.27/turn

%: acrobat, rampage
@: ice-armoured, corroded, studying Necromancy
A: high MP 1, forlorn, divine attributes
a: Evoke Blink


You were on level 1 of the Orcish Mines.
You visited 3 branches of the dungeon, and saw 15 of its levels.
You visited the Abyss 1 time.
You also visited: Ice Cave.

You collected 1103 gold pieces.

Inventory:

Hand Weapons
 a - the +9 flail of Mutilation (weapon) {drain, rPois Str+7 Dex-3 SInv}
   (You took it off a kobold brigand on level 9 of the Dungeon)

   Str:       It affects your strength (+7).
   Dex:       It affects your dexterity (-3).
   rPois:     It protects you from poison.
   SInv:      It lets you see invisible.
 b - a +5 eveningstar of flaming
 c - the +9 rapier "Widami Yfri" {heavy, rF+}
   (You took it off an orc on level 9 of the Dungeon)

   rF:        It protects you from fire.
 v - a +2 demon whip of venom
 F - a +1 morningstar of flaming
Missiles
 f - a throwing net
 g - 7 curare-tipped darts
Armour
 d - a +2 kite shield of cold resistance (worn)
 h - a scarf of resistance (worn)
 t - a +0 buckler of cold resistance
 u - a +2 helmet of intelligence (worn)
 A - a +0 cloak of poison resistance
 D - the +0 pair of boots of Day (worn) {Rampage MP+9 Str-3}
   (You found it on level 2 of the Lair of Beasts)

   Str:       It affects your strength (-3).
   MP:        It affects your magic capacity (+9).
   Rampage:   It bestows one free step when moving towards enemies.
 J - a +0 pair of gloves (worn)
 K - +3 swamp dragon scales (worn)
Magical Staves
 o - a staff of conjuration
 p - a staff of poison
Jewellery
 j - a ring of positive energy
 s - a ring of see invisible
 y - the ring of Eternal Harmony (right hand) {rC+ Str+6 Int+4 Dex-4 Stlth+}
   (You acquired it on level 8 of the Dungeon)

   [ring of strength]

   Str:       It affects your strength (+6).
   Int:       It affects your intelligence (+4).
   Dex:       It affects your dexterity (-4).
   rC:        It protects you from cold.
   Stlth:     It makes you more stealthy.
 M - an amulet of the acrobat (around neck)
 O - a ring of resist corrosion
 V - the ring "Lecal" (left hand) {+Blink rF+ Str+5 Int+3 Dex-2}
   (You acquired it on level 4 of the Lair of Beasts)

   [ring of protection from fire]

   Str:       It affects your strength (+5).
   Int:       It affects your intelligence (+3).
   Dex:       It affects your dexterity (-2).
   rF:        It protects you from fire.
   +Blink:    It lets you blink.
Wands
 L - a wand of roots (8)
 N - a wand of paralysis (7)
 Q - a wand of digging (1)
 S - a wand of acid (13)
Scrolls
 e - 4 scrolls of blinking
 l - a scroll of summoning
 q - 3 scrolls of fear
 r - 5 scrolls of teleportation
 C - a scroll of magic mapping
 G - 4 scrolls of poison
 I - a scroll of fog
Potions
 i - a potion of berserk rage
 k - 3 potions of resistance
 m - 2 potions of brilliance
 n - 3 potions of mutation
 w - 4 potions of heal wounds
 x - 2 potions of haste
 z - 2 potions of ambrosia
 B - a potion of curing
 E - 2 potions of lignification {unknown}
 H - 2 potions of cancellation {unknown}
 U - a potion of might {unknown}
Miscellaneous
 R - a phantom mirror


   Skills:
 + Level 8.5 Fighting
 - Level 13.1 Maces & Flails
 + Level 7.6 Armour
 - Level 2.0 Dodging
 - Level 5.0 Stealth
 + Level 9.4 Shields
 - Level 9.0 Spellcasting
 * Level 6.1 Conjurations
 - Level 0.8 Transmutations
 + Level 9.5 Ice Magic
 - Level 5.0 Earth Magic


You had 12 spell levels left.
You knew the following spells:

 Your Spells              Type           Power      Damage    Failure   Level
a - Sandblast             Erth           100%       2d20      1%          1
b - Stone Arrow           Conj/Erth      100%       3d13      1%          3
c - Ozocubu's Armour      Ice            79%        N/A       1%          3
d - Ozocubu's Refrigerat  Ice            39%        4d16      56%         7
e - Iskenderun's Battles  Conj           64%        2d11      9%          5

Your spell library contained the following spells:

 Spells                   Type           Power      Damage    Failure   Level
 Passwall                 Tmut/Erth      36%        N/A       1%          2
 Necrotise                Necr           76%        1d7       4%          1
 Slow                     Hex            76%        N/A       4%          1
 Confusing Touch          Hex            19%        N/A       12%         3
 Inner Flame              Hex/Fire       19%        N/A       12%         3
 Vampiric Draining        Necr           19%        2d7       12%         3
 Flame Wave               Conj/Fire      45%        2d12      12%         4
 Petrify                  Tmut/Erth      44%        N/A       12%         4
 Sticky Flame             Conj/Fire      45%        2d6       12%         4
 Metabolic Englaciation   Hex/Ice        28%        N/A       16%         5
 Cause Fear               Hex            9%         N/A       38%         4
 Olgreb's Toxic Radiance  Pois           19%        N/A       38%         4
 Iron Shot                Conj/Erth      30%        9d6       54%         6
 Simulacrum               Ice/Necr       28%        N/A       65%         6
 Agony                    Necr           19%        N/A       75%         5
 Dragon Form              Tmut           13%        N/A       100%        7
 Spellforged Servitor     Conj/Summ      22%        N/A       100%        7
 Discord                  Hex            9%         N/A       100%        8
 Ignition                 Fire           9%         3d5       100%        8
 Dragon's Call            Summ           9%         N/A       100%        9


Dungeon Overview and Level Annotations

Branches:
Dungeon (9/15)             Temple (0/1) D:4            Lair (5/5) D:9
  Swamp (0/4) Lair:3       Spider (0/4) Lair:3        Slime (0/5) Lair:4
    Orc (1/2) D:9           IceCv (visited)

Annotations:
D:6 fly for treasure


Innate Abilities, Weirdness & Mutations

You have an increased reservoir of magic. (+10% MP)
You shall have no god before yourself.
Your divine heritage dramatically boosts your attributes as you level up.


Message History

The barrage of energy hits the orc!
You kill the orc!
You block the rust devil's attack.
The ettin hits you with a +0 dire flail.
The ettin barely misses you.
The orc warrior hits you with a +0 hand axe.
The orc warrior hits your battlesphere with a +0 hand axe!
Your battlesphere is destroyed!
The orc wizard closely misses you.
The orc sorcerer hits you but does no damage.
Casting: Stone Arrow (safe; 1% risk of failure)
Confirm with . or Enter, or press ? or * to list all spells.
Aiming: Stone Arrow (safe; 1% risk of failure)
Press: ? - help, Shift-Dir - straight line, f - orc sorcerer, p - ettin
Aim: an orc sorcerer, wielding a +0 dagger and wearing a +0 robe (72% to hit)
The stone arrow hits the orc sorcerer!
The orc sorcerer is moderately wounded.
You block the orc wizard's attack. The rust devil hits you.
The rust devil corrodes you!
The ettin hits you with a +0 dire flail!
The ettin hits you with a +2 dire flail of venom!!
* * * LOW HITPOINT WARNING * * *
You block the orc warrior's attack.
The orc sorcerer hits you but does no damage.
As you read the scroll of fear, it crumbles to dust.
You assume a fearsome visage.
The orc wizard looks frightened!
The orc priest looks frightened!
The orc looks frightened!
The ogre looks frightened!
The orc sorcerer looks frightened!
The orc warrior looks frightened!
The orc looks frightened! x2
The ettin resists with some effort.
The rust devil looks frightened!
The orc wizard gestures wildly while chanting.
The orc wizard flickers and vanishes for a moment.
You block the ettin's attack.
The ettin hits you with a +2 dire flail of venom!!
* * * LOW HITPOINT WARNING * * *
You are lethally poisoned!
Okay, then.
You feel better.
The ettin hits you with a +0 dire flail!!
You die...

......... .#..
..#.#.#.....$....... .
......................
...............#..#...
...............#.#$#..
.....o.O..............
..#.oo.o.o............
.#...........><.....$.
....o.C@)○............
..$...................
...^...o..............
....4.................
##.#...##...##....#..#
# #### ##############


You could see an ettin, a rust devil (summoned, fleeing), an orc sorcerer
(fleeing), an orc warrior (fleeing), an ogre (fleeing), an orc priest (fleeing),
an orc wizard (invisible, fleeing) and 3 orcs.

Vanquished Creatures
  Gastronok (Lair:2)
  A very ugly thing (Abyss:2)
  Snorg (Lair:3)
  A fire dragon (Lair:5)
  2 hydras
  Urug (Lair:2)
  Nergalle (Lair:2)
  Sonja (Lair:2)
  4 wretched stars (Abyss:2)
  Amaemon (D:7)
  A skyshark (Lair:3)
  2 lindwurms
  An orb spider (Lair:3)
  A glowing orange brain (Abyss:2)
  A necromancer (IceCv)
  An ugly thing (IceCv)
  6 elephants
  A large abomination (Abyss:2)
  An ice statue (IceCv)
  2 smoke demons (Abyss:2)
  13 black mambas
  Maggie (D:8)
  3 molten gargoyles (Lair:5)
  An orange demon (D:8)
  A torpor snail (Lair:2)
  13 cane toads
  8 komodo dragons
  4 rime drakes
  3 freezing wraiths (IceCv)
  13 ice devils
  An anaconda simulacrum (IceCv)
  2 trolls (D:9)
  3 polar bears
  A queen bee (Lair:1)
  2 hornets (D:7)
  6 dream sheep (Lair:5)
  19 blink frogs
  An ettin skeleton (Abyss:2)
  2 dire elephant simulacra (IceCv)
  19 yaks
  10 wyverns
  11 basilisks
  A neqoxec (Abyss:2)
  A steam dragon (D:7)
  A chaos spawn (Abyss:2)
  Menkaure (D:6)
  3 wargs (D:9)
  A death yak simulacrum (IceCv)
  A harpy simulacrum (IceCv)
  An acid dragon (D:8)
  4 hell hounds (Lair:5)
  16 water moccasins
  4 hydra simulacra (IceCv)
  An orc warrior (D:9)
  An ice beast (D:7)
  A sky beast (D:6)
  4 black bears
  2 small abominations (Abyss:2)
  4 boggarts (Lair:5)
  An ogre (D:5)
  4 wolves
  3 centaurs
  4 kobold brigands
  14 bullfrogs
  A cane toad simulacrum (IceCv)
  A two-headed ogre simulacrum (IceCv)
  7 elephant simulacra (IceCv)
  28 killer bees
  2 electric eels (Lair:3)
  3 lava snakes (Lair:5)
  3 howler monkeys (D:9)
  A jelly (D:5)
  6 orc priests
  3 hounds (D:5)
  Crazy Yiuf (D:4)
  2 sleepcaps
  6 iguanas
  7 orc wizards (D:9)
  A troll simulacrum (IceCv)
  5 polar bear simulacra (IceCv)
  6 wolf simulacra (IceCv)
  15 adders
  A naga simulacrum (IceCv)
  3 white imps
  5 ufetubi
  32 orcs
  A bat (D:1)
  6 endoplasms
  2 giant cockroaches
  4 goblins
  10 hobgoblins
  A quokka (D:3)
  8 ball pythons
  5 frilled lizards
  27 kobolds
  5 rats
449 creatures vanquished.

Vanquished Creatures (collateral kills)
  Joseph (D:8)
  An orc warrior (D:8)
  2 howler monkeys (D:8)
  2 orcs (D:8)
6 creatures vanquished.

Grand Total: 455 creatures vanquished

Notes
Turn   | Place    | Note
-------+----------+-------------------------------------------
     0 | D:1      | wingedge the Demigod Earth Elementalist began the quest for
                  | the Orb.
     0 | D:1      | Reached XP level 1. HP: 14/14 MP: 5/5
   525 | D:1      | Reached XP level 2. HP: 20/20 MP: 5/7
   895 | D:2      | Reached skill level 1 in Conjurations
   976 | D:2      | Reached XP level 3. HP: 24/26 MP: 5/9
  1087 | D:2      | Learned a level 3 spell: Stone Arrow
  2196 | D:3      | Reached XP level 4. HP: 33/33 MP: 8/10
  2836 | D:4      | Found a staircase to the Ecumenical Temple.
  2853 | D:4      | You fall into a shaft and drop 2 floors!
  2975 | D:5      | Entered Level 5 of the Dungeon
  3024 | D:5      | Noticed a black bear
  3132 | D:5      | Reached XP level 5. HP: 39/39 MP: 7/12
  3196 | D:5      | Killed a black bear
  3197 | D:5      | Reached skill level 1 in Fighting
  3389 | D:5      | Reached XP level 6. HP: 48/48 MP: 9/13
  4251 | D:4      | Reached XP level 7. HP: 55/55 MP: 8/15
  4490 | D:4      | Found a runed translucent door.
  4491 | D:4      | Noticed Crazy Yiuf
  4503 | D:4      | Killed Crazy Yiuf
  5095 | D:5      | Learned a level 3 spell: Ozocubu's Armour
  5224 | D:6      | Reached skill level 5 in Earth Magic
  5412 | D:6      | Noticed Menkaure
  5415 | D:6      | Killed Menkaure
  5490 | D:6      | Reached skill level 1 in Ice Magic
  6344 | D:7      | Noticed a steam dragon
  6346 | D:7      | Killed a steam dragon
  6347 | D:7      | Reached XP level 8. HP: 63/63 MP: 11/18
  6418 | D:7      | Noticed a hornet
  6444 | D:7      | Killed a hornet
  6445 | D:7      | Reached skill level 5 in Conjurations
  6622 | D:7      | Reached skill level 5 in Spellcasting
  6803 | D:7      | Noticed a hornet
  6809 | D:7      | Killed a hornet
  7412 | D:8      | Noticed Joseph
  7472 | D:8      | Killed Joseph
  7473 | D:8      | Reached XP level 9. HP: 36/73 MP: 2/21
  7478 | D:8      | Reached skill level 5 in Fighting
  8045 | D:7      | Reached skill level 5 in Ice Magic
  8170 | D:8      | Noticed Amaemon
  8176 | D:8      | Noticed an orange demon
  8728 | D:7      | Killed Amaemon
  8729 | D:7      | Reached skill level 1 in Maces & Flails
  8860 | D:8      | Reached skill level 2 in Maces & Flails
  8980 | D:8      | Killed an orange demon
  8981 | D:8      | Reached skill level 3 in Maces & Flails
  9131 | D:8      | Reached skill level 4 in Maces & Flails
  9242 | D:8      | Reached XP level 10. HP: 24/83 MP: 2/24
  9246 | D:8      | Reached skill level 5 in Maces & Flails
  9591 | D:8      | Noticed Maggie
  9596 | D:8      | Killed Maggie
  9597 | D:8      | Reached skill level 6 in Maces & Flails
  9776 | D:8      | Identified a scroll of acquirement
  9777 | D:8      | Acquired the ring of Eternal Harmony {rC+ Str+6 Int+4 Dex-4
                  | Stlth+}
 10048 | D:9      | Found a staircase to the Lair.
 10079 | D:9      | Reached skill level 1 in Armour
 10491 | D:9      | Reached skill level 7 in Maces & Flails
 10609 | D:9      | Found a staircase to the Orcish Mines.
 10610 | D:9      | Identified the +9 flail of Mutilation {drain, rPois Str+7
                  | Dex-3 SInv}
 10767 | D:9      | Identified the +9 rapier "Widami Yfri" {heavy, rF+}
 11198 | Lair:1   | Entered Level 1 of the Lair of Beasts
 11440 | Lair:1   | Reached skill level 8 in Maces & Flails
 11589 | Lair:1   | Noticed a black mamba
 11594 | Lair:1   | Killed a black mamba
 11704 | Lair:1   | Noticed an elephant
 11714 | Lair:1   | Killed an elephant
 11715 | Lair:1   | Reached XP level 11. HP: 83/92 MP: 21/26
 12015 | Lair:1   | Noticed a six-headed hydra
 12021 | Lair:1   | Killed a six-headed hydra
 13186 | Lair:1   | Reached skill level 5 in Armour
 14077 | Lair:2   | Found a frozen archway.
 14097 | IceCv    | Entered an ice cave
 15143 | IceCv    | Reached skill level 1 in Shields
 15143 | IceCv    | Reached XP level 12. HP: 93/101 MP: 5/29
 15179 | IceCv    | Reached skill level 9 in Maces & Flails
 16125 | IceCv    | Reached skill level 5 in Shields
 16579 | Lair:2   | Noticed Sonja
 16583 | Abyss:2  | Cast into level 2 of the Abyss (Sonja)
 16932 | Abyss:2  | Noticed an Executioner
 16935 | Abyss:2  | Noticed a death knight
 17176 | Abyss:2  | Reached skill level 10 in Maces & Flails
 17273 | Abyss:2  | Noticed an angel
 17281 | Abyss:2  | Noticed a tentacled starspawn
 17319 | Abyss:2  | Noticed a starcursed mass
 17435 | Abyss:2  | Noticed a great orb of eyes
 17444 | Abyss:2  | Noticed a great orb of eyes
 17526 | Abyss:2  | Noticed a green very ugly thing
 17558 | Abyss:2  | Killed a green very ugly thing
 17604 | Abyss:2  | Noticed a starcursed mass
 17624 | Abyss:2  | Noticed a green very ugly thing
 17781 | Lair:2   | Escaped the Abyss
 17785 | Lair:2   | Killed Sonja
 18059 | Lair:1   | Reached skill level 11 in Maces & Flails
 18249 | Lair:2   | Noticed Gastronok
 18301 | Lair:2   | Killed Gastronok
 18531 | Lair:2   | Reached XP level 13. HP: 107/107 MP: 23/30
 18642 | Lair:2   | Identified the +0 pair of boots of Day {Rampage MP+9 Str-3}
 18805 | Lair:2   | Noticed Urug
 18811 | Lair:2   | Killed Urug
 18814 | Lair:2   | Noticed Nergalle
 18822 | Lair:2   | Killed Nergalle
 19309 | Lair:2   | Identified the +2 great sword of the Conjuring Gods {pain,
                  | rElec Str+3 Int+3 Dex-3}
 19584 | Lair:3   | Found a staircase to the Swamp.
 19609 | Lair:3   | Reached skill level 12 in Maces & Flails
 19635 | Lair:3   | Noticed Snorg
 19646 | Lair:3   | Killed Snorg
 20032 | Lair:3   | Found a hole to the Spider Nest.
 21121 | Lair:4   | Reached skill level 5 in Stealth
 21254 | Lair:4   | Acquired the ring "Lecal" {+Blink rF+ Str+5 Int+3 Dex-2}
 21301 | Lair:4   | Found a staircase to the Slime Pits.
 21397 | Lair:4   | Learned a level 7 spell: Ozocubu's Refrigeration
 21903 | Lair:5   | Entered Level 5 of the Lair of Beasts
 22340 | Lair:5   | Learned a level 5 spell: Iskenderun's Battlesphere
 22665 | Lair:5   | Identified the +3 flail of Prudence {flame, Str+3 Stlth+}
 23474 | Lair:5   | Reached skill level 13 in Maces & Flails
 23730 | Lair:5   | Found a large runed translucent door.
 23971 | Lair:5   | Found a large runed translucent door.
 24009 | Lair:5   | Reached XP level 14. HP: 107/116 MP: 13/31
 24927 | Orc:1    | Entered Level 1 of the Orcish Mines
 24937 | Orc:1    | Mangled by an ettin

Illustrated notes

Levels and vault maps discovered:
D:1:      tekkud_arrival_beachfront_property, layout_loops_cross
D:2:      layout_loops_ring, chequers_mini_garden, small_statue_intersection
D:3:      layout_basic
D:4:      layout_loops_cross, minmay_temple_entry_arrows,
          uniq_crazy_yiuf_cottage
D:5:      layout_cave_pools
D:6:      layout_gridville, kennysheep_cluttered_room, water_maze_lemuel,
          uniq_menkaure
D:7:      layout_basic, mainiacjoe_overflow_small_starburst,
          mainiacjoe_overflow_tiny_flanked, roderic_roman_lattice
D:8:      layout_cave_pools, uniq_joseph, uniq_amaemon, uniq_maggie
D:9:      layout_roguey, erik_lair_orcish_takeover, david_orc_3
Lair:1:   layout_long_grid, special_room [special_room_bee],
          nicolae_lair_lil_pond, nzn_random_ring
Lair:2:   layout_gridlike, nicolae_volcano_entry_vermiform,
          portal_ice_cave_demonic_guard, uniq_gastronok, uniq_nergalle,
          uniq_sonja, uniq_urug
Lair:3:   layout_small_grid, swamp_mist_pool, nicolae_spider_entry_orb_guardian,
          basic_altar, uniq_snorg
Lair:4:   minmay_lair_venomous_thicket, layout_gridlike, slime_entry_1,
          chequers_serial_rivers_large_a
Lair:5:   cheibrodos_lair_end_hotspot, layout_long_grid, kilobyte_rumbling_trees
Orc:1:    layout_caves, uniq_maurice

Skill      XL: |  1  2  3  4  5  6  7  8  9 10 11 12 13 |
---------------+----------------------------------------+-----
Spellcasting   | 2 3 4 5 7 9 |  9.0
Conjurations   | 1 2 3 4 5 6 |  6.1
Earth Magic    | 3 4 5 |  5.0
Fighting       | 1 2 3 4 6 7 8 |  8.5
Dodging        | 2 |  2.0
Stealth        | 2 3 4 5 |  5.0
Ice Magic      | 2 4 5 6 8 9 |  9.5
Maces & Flails | 4 8 11 13 | 13.1
Armour         | 3 6 7 |  7.6
Shields        | 1 7 9 |  9.4
Transmutations | |  0.8

Action                     |  1- 3 |  4- 6 |  7- 9 | 10-12 | 13-15 || total
---------------------------+-------+-------+-------+-------+-------++-------
  Melee: Mace              |       |     4 |    14 |       |       ||    18
         Punch             |       |       |     1 |     2 |       ||     3
         Demon whip        |       |       |     8 |    77 |       ||    85
         Flail             |       |       |       |   149 |   156 ||   305
         Morningstar       |       |       |       |   121 |       ||   121
         Eveningstar       |       |       |       |       |    84 ||    84
  Throw: Throwing net      |       |     1 |       |     1 |       ||     2
   Cast: Sandblast         |    56 |    23 |       |       |       ||    79
         Stone Arrow       |       |    32 |   120 |   342 |   161 ||   655
         Ozocubu's Armour  |       |       |     9 |    24 |    11 ||    44
         Iskenderun's Batt |       |       |       |       |    14 ||    14
  Evoke: Wand              |       |       |       |     1 |       ||     1
    Use: Scroll            |       |       |    15 |    12 |    12 ||    39
         Potion            |       |       |     8 |     9 |     1 ||    18
   Stab: Distracted        |       |       |       |     1 |     1 ||     2
 Armour: Robe              |     1 |     2 |    42 |     2 |       ||    47
         Swamp dragon scal |       |       |       |   310 |   191 ||   501
  Dodge: Dodged            |     6 |     6 |    82 |   310 |   127 ||   531
  Block: Kite shield       |       |       |       |    87 |   206 ||   293
